AoeStats
← Malelf

Arena

508513279Analyzed
4v4 RM · 8d ago on Sep 22, 2026· 60m 29s· 8 players
Game mode
Random Map
Map size
Large (8 player)
Population
200
Speed
Normal
Resources
Standard
Victory
Conquest
Starting age
Dark Age
Ending age
Imperial Age
RankedLock teamsTeams togetherTeam positionsShared explorationLock speedFull tech treeHidden civsTurbo modeCheats
Victory
Defeat
🇪🇸 Romans · Spain
1726
+17
🇪🇸 Khmer · Spain
1645
+20
🇧🇷 Random · Brazil
1530
+24
🇵🇪 Khmer · Peru
1522
+24
🇩🇪 Random · Germany
1850
-26
🇮🇹 Random · Italy
1728
-21
🇮🇹 Tupi · Italy
1709
-21
🇮🇹 Random · Italy
1624
-17
Tales de Paleto
8:24 Feudal Age
8:58 Double-Bit Axe
9:44 Horse Collar
14:27 Scale Barding Armor
15:10 Forging
20:08 Castle Age
18:46 Bloodlines
18:57 Gold Mining
19:26 Loom
20:17 Wheelbarrow
20:34 Light Cavalry
26:38 Hand Cart
26:24 Heavy Plow
27:20 Bow Saw
32:01 Imperial Age
30:11 Husbandry
30:42 Chain Barding Armor
31:09 Gold Shaft Mining
32:14 Iron Casting
34:20 Blast Furnace
33:34 Elite Battle Elephant
35:08 Plate Barding Armor
36:46 Tusk Swords
37:08 Conscription
40:08 Hussar
43:48 Heavy Scorpion
45:54 Double Crossbow
47:01 Chemistry
46:29 Ballistics
47:28 Town Watch
52:20 Caravan
56:06 Crop Rotation
SeiyaPegasus
10:03 Feudal Age
11:00 Loom
14:00 Castle Age
12:22 Double-Bit Axe
12:58 Horse Collar
15:06 Bow Saw
15:48 Heavy Plow
19:48 Wheelbarrow
20:18 Fervor
20:55 Hand Cart
21:33 Gold Mining
28:47 Imperial Age
26:27 Town Watch
27:46 Ballistics
28:10 Scale Mail Armor
28:07 Stone Mining
28:53 Gold Shaft Mining
29:08 Gambesons
29:24 Squires
29:40 Chain Mail Armor
28:55 Onager
29:44 Siege Engineers
30:40 Chemistry
31:36 Conscription
31:41 Elite Varangian Guard
32:55 Plate Mail Armor
32:51 Scale Barding Armor
32:09 Hamask
32:25 Pikeman
33:49 Northmen's Fury
34:42 Halberdier
36:05 Forging
36:29 Arson
37:20 Iron Casting
38:17 Siege Onager
39:54 Masonry
39:39 Murder Holes
39:36 Fletching
43:24 Blast Furnace
42:20 Bodkin Arrow
44:09 Caravan
43:56 Capped Ram
48:00 Stone Shaft Mining
48:48 Siege Ram
51:29 Bracer
52:06 Hoardings
KLIKELIN
11:09 Feudal Age
13:54 Castle Age
11:52 Horse Collar
11:59 Double-Bit Axe
14:58 Bow Saw
19:24 Loom
22:13 Heavy Plow
23:07 Wheelbarrow
23:16 Gold Mining
23:19 Stone Mining
25:22 Gold Shaft Mining
25:23 Stone Shaft Mining
25:12 Hand Cart
28:47 Imperial Age
28:57 Heated Shot
29:31 Ballistics
29:23 Forging
29:03 Heavy Scorpion
30:07 Conscription
29:48 Double Crossbow
29:53 Town Watch
30:18 Siege Engineers
31:14 Chemistry
31:31 Husbandry
31:42 Bloodlines
30:53 Light Cavalry
32:11 Iron Casting
31:54 Town Patrol
34:17 Hussar
39:49 Blast Furnace
38:55 Scale Barding Armor
49:04 Caravan
MariaPita
10:03 Feudal Age
9:30 Loom
13:40 Castle Age
11:44 Double-Bit Axe
12:47 Horse Collar
13:00 Gold Mining
20:15 Bow Saw
21:59 Town Watch
24:57 Wheelbarrow
26:58 Hand Cart
27:38 Heavy Plow
31:23 Imperial Age
29:01 Scale Mail Armor
30:01 Chain Mail Armor
29:56 Forging
29:46 Man-at-Arms
30:26 Squires
30:53 Long Swordsman
31:29 Capped Ram
32:48 Iron Casting
31:35 Legionary
33:05 Siege Engineers
33:12 Pikeman
34:58 Siege Ram
35:29 Halberdier
38:53 Gold Shaft Mining
38:08 Stone Mining
38:51 Crop Rotation
40:18 Blast Furnace
41:15 Fletching
42:33 Masonry
43:24 Chemistry
42:21 Bodkin Arrow
41:55 Onager
44:13 Scale Barding Armor
44:44 Comitatenses
44:44 Conscription
44:32 Ballistas
45:02 Devotion
45:42 Onager
48:18 Architecture
48:11 Ballistics
49:46 Heavy Scorpion
51:07 Murder Holes
51:50 Caravan
52:02 Caravan
52:33 Coinage
52:10 Elite Centurion
53:12 Chain Barding Armor
52:48 Sappers
54:34 Plate Barding Armor
55:09 Banking
55:52 Guilds
60:18 Fortified Wall
RoR | Hellequinn
10:10 Feudal Age
14:01 Castle Age
11:57 Double-Bit Axe
12:20 Horse Collar
14:54 Bow Saw
14:44 Heavy Plow
15:51 Loom
18:20 Wheelbarrow
20:10 Wheelbarrow
20:46 Town Watch
21:27 Stone Mining
21:55 Gold Mining
26:11 Gold Shaft Mining
25:57 Fletching
26:32 Ballistics
26:50 Masonry
27:32 Bodkin Arrow
28:10 Hand Cart
31:13 Imperial Age
29:41 Scale Mail Armor
29:51 Forging
29:41 Pikeman
30:22 Squires
30:07 Arson
30:38 Chain Mail Armor
29:45 Hamask
30:30 Heavy Plow
31:14 Onager
32:18 Conscription
33:35 Chemistry
32:16 Capped Ram
33:04 Siege Engineers
32:35 Halberdier
33:10 Northmen's Fury
34:20 Siege Onager
36:11 Siege Onager
37:34 Bodkin Arrow
45:01 Capped Ram
47:08 Plate Mail Armor
49:44 Iron Casting
53:35 Blast Furnace
54:29 Siege Ram
Malelf
10:53 Feudal Age
12:05 Double-Bit Axe
12:02 Horse Collar
15:15 Castle Age
15:10 Wheelbarrow
16:27 Bow Saw
19:03 Heavy Plow
19:59 Town Watch
20:01 Loom
29:57 Imperial Age
27:38 Gold Mining
27:46 Stone Mining
29:01 Redemption
29:09 Hand Cart
29:17 Squires
29:49 Sanctity
29:36 Clerical Recruitment
31:17 Block Printing
31:26 Atonement
31:33 Scale Mail Armor
32:31 Gold Shaft Mining
33:01 Two-Man Saw
32:33 Crop Rotation
32:34 Chain Mail Armor
32:30 Forging
32:43 Conscription
33:28 Shield Wall
34:57 Capped Ram
35:02 Elite Varangian Guard
36:16 Plate Mail Armor
36:21 Illumination
36:32 Theocracy
36:57 Iron Casting
38:10 Heavy Scorpion
41:30 Ballistics
42:10 Chemistry
41:51 Siege Engineers
41:57 Masonry
42:37 Hoardings
41:51 Arson
42:27 Treadmill Crane
42:58 Fletching
44:24 Bodkin Arrow
45:48 Siege Ram
47:24 Pikeman
49:23 Bracer
49:25 Halberdier
54:08 Guilds
54:29 Caravan
56:04 Scale Barding Armor
57:11 Murder Holes
57:46 Architecture
Dott_Berlu
11:39 Feudal Age
12:37 Double-Bit Axe
15:21 Castle Age
13:57 Horse Collar
16:48 Bow Saw
17:18 Fletching
18:25 Bodkin Arrow
22:14 Town Watch
23:06 Gold Mining
23:04 Loom
25:33 Ballistics
28:37 Wheelbarrow
29:18 Padded Archer Armor
32:35 Imperial Age
32:17 Gold Shaft Mining
31:43 Heavy Plow
32:59 Elite Blackwood Archer
33:46 Curare
33:47 Bracer
34:55 Conscription
34:52 Leather Archer Armor
35:58 Two-Man Saw
36:37 Chemistry
35:49 Stone Mining
36:41 Treadmill Crane
37:46 Ring Archer Armor
37:41 Hand Cart
39:32 Hoardings
46:06 Redemption
48:44 Theocracy
50:08 Caravan
Cagata Sonante
10:22 Feudal Age
14:05 Castle Age
12:23 Double-Bit Axe
12:38 Horse Collar
15:10 Bow Saw
16:09 Wheelbarrow
16:35 Wheelbarrow
16:56 Loom
28:24 Imperial Age
26:46 Hand Cart
27:04 Scale Barding Armor
27:10 Forging
28:04 Bloodlines
28:38 Chain Barding Armor
28:39 Husbandry
28:37 Cavalier
29:39 Conscription
31:01 Plate Barding Armor
30:58 Vendel Legacy
32:59 Iron Casting
32:59 Scale Mail Armor
34:05 Squires
33:26 Pikeman
35:15 Blast Furnace
35:23 Chain Mail Armor
35:38 Halberdier
38:27 Light Cavalry
39:39 Masonry
39:06 Hussar
44:29 Plate Mail Armor
Connection lost

Rejoining the realm…

Still unreachable

The connection could not be restored.

Session expired

The server has moved on; the page needs a fresh start.